 Dungeon Crawl Stone Soup version 0.30-a0-1018-g25214051b3 (webtiles) character file.

Game seed: 11726216799165539709

64 LobsterGuardian the Sneak (level 3, -8/30 HPs)
             Began as a Demonspawn Delver on Apr 8, 2023.
             Was an Initiate of Qazlal.
             Splashed by a jelly's acid (9 damage)
             ... on level 6 of the Dungeon.
             The game lasted 00:01:51 (163 turns).

LobsterGuardian the Sneak (Demonspawn Delver)        Turns: 163, Time: 00:01:52

Health: -8/30      AC: -5    Str: 12    XL:     3   Next: 91%
Magic:  4/4        EV: 12    Int: 11    God:    Qazlal [......]
Gold:   0          SH:  0    Dex: 16    Spells: 2/2 levels left

rFire   . . .      SeeInvis .    a - +0 falchion
rCold   . . .      Faith    .    (no shield)
rNeg    . . .      Spirit   .    b - +0 leather armour
rPois   .          Reflect  .    (no helmet)
rElec   .          Rampage  .    (no cloak)
rCorr   .                        (no gloves)
Will    .....                    (no boots)
Stlth   +++                      (no amulet)
HPRegen 0.25/turn                (no ring)
MPRegen 0.09/turn                (no ring)

@: corroded
A: powered by death 1
a: Renounce Religion


You were on level 6 of the Dungeon.
You worshipped Qazlal.
Qazlal was noncommittal.
You visited 1 branch of the dungeon, and saw 2 of its levels.

Inventory:

Hand Weapons
 a - a +0 falchion (weapon)
Armour
 b - a +0 leather armour (worn)
Wands
 g - a wand of digging (3)
Scrolls
 c - a scroll of fog
 d - a scroll of magic mapping
 e - 2 scrolls of fear


   Skills:
 * Level 3.9 Fighting
 + Level 2.1 Long Blades
 + Level 2.0 Dodging
 - Level 4.5 Stealth
 * Level 2.4 Invocations


You had 2 spell levels left.
You didn't know any spells.
Your spell library was empty.

Dungeon Overview and Level Annotations

Branches:
Dungeon (6/15)             Temple (0/1) D:6

Altars:
Qazlal
Ru
Xom


Innate Abilities, Weirdness & Mutations

You regenerate a little health from kills.


Message History

A gnoll comes into view. It is wielding a +0 whip.
The ufetubus hits you but does no damage.
The ufetubus hits you.
The gnoll shouts!
You hit the ufetubus but do no damage.
A gnoll comes into view. It is wielding a +0 flail.
The ufetubus hits you but does no damage.
The ufetubus hits you.
A gnoll comes into view. It is wielding a +0 spear.
The ufetubus closely misses you.
The ufetubus hits you but does no damage.
The ufetubus attacks as you move away! The ufetubus hits you.
The ufetubus misses you.
The ufetubus hits you but does no damage.
The ufetubus closely misses you. The ufetubus attacks as you move away!
The ufetubus closely misses you. x2
The ufetubus hits you. x2
You aren't carrying any potions.
Unknown command.
The ufetubus attacks as you move away! The ufetubus closely misses you.
The ufetubus hits you.
You slash the ufetubus!
You kill the ufetubus!
Qazlal accepts your kill.
The jelly jiggles.
You slash the jelly!
Your hands burn!
The jelly is heavily wounded.
The jelly hits you. The acid corrodes you!
You are splashed with acid.
* * * LOW HITPOINT WARNING * * *
You hit the jelly. The acid corrodes you!
Your hands burn!
* * * LOW HITPOINT WARNING * * *
The jelly is almost dead.
The jelly closely misses you. The gnoll sergeant barely misses you.
You hit the jelly.
Your hands burn!
* * * LOW HITPOINT WARNING * * *
The jelly is almost dead.
The jelly hits you.
* * * LOW HITPOINT WARNING * * *
You are splashed with acid!
You die...

.. . #.# .. #.#
... #####.## #..g
#......# #+##⌠.>.
#.#....#
#.##.....##.#.##.#
#.##..⌠.....#)##@#
#.##......#ggggJ(#
...##########.####
....# #.#
...##########.#
..............#
..#############
..# ..#


You could see a gnoll sergeant, a jelly and 3 gnolls.

Vanquished Creatures
  2 orc wizards (D:6)
  An ufetubus (D:6)
  4 orcs (D:6)
7 creatures vanquished.

Notes
Turn   | Place    | Note
-------+----------+-------------------------------------------
     0 | D:5      | LobsterGuardian the Demonspawn Delver began the quest for
                  | the Orb.
     0 | D:5      | Reached XP level 1. HP: 18/18 MP: 1/1
     2 | D:5      | Found a sacrificial altar of Ru.
    16 | D:5      | Became a worshipper of Qazlal Stormbringer
    56 | D:6      | Found a shimmering altar of Xom.
    57 | D:6      | Noticed an orc wizard
    57 | D:6      | Noticed an orc wizard
    70 | D:6      | Killed an orc wizard
    71 | D:6      | Reached skill level 1 in Invocations
    71 | D:6      | Gained mutation: You regenerate a little health from kills.
                  | [demonic ancestry]
    71 | D:6      | Reached XP level 2. HP: 19/24 MP: 1/3
    80 | D:6      | Reached XP level 3. HP: 22/29 MP: 1/4
   148 | D:6      | Found a staircase to the Ecumenical Temple.
   151 | D:6      | Noticed a gnoll sergeant
   163 | D:6      | HP: 1/30 [acid (2)]
   163 | D:6      | Splashed by a jelly's acid

Illustrated notes

Levels and vault maps discovered:
D:5:      layout_loops_ring, nicolae_overflow_hidden_temple,
          gammafunk_temple_of_torment, enter_ossuary_2, minivault_19,
          uniq_sigmund
D:6:      layout_loops_corners, old_standard_altar, temple_fountains,
          kennysheep_generic_room_2

Skill      XL: |  1  2  3 |
---------------+----------+-----
Invocations    | 1 2 |  2.4
Long Blades    | 2 |  2.1
Dodging        | 2 |  2.0
Fighting       | |  3.9
Stealth        | |  4.5

Action                     || total
---------------------------++-------
  Melee: Falchion          ||    36
    Use: Potion            ||     2
 Armour: Skin              ||    18
         Leather armour    ||     4
  Dodge: Dodged            ||    11

Table legend: (Time is in decaauts)
 A = Elapsed time spent in this place.
 B = Non-inter-level travel time spent in this place.
 C = Inter-level travel time spent in this place.
 D = Time resting spent in this place.
 E = Time spent auto-exploring this place.
 F = Levels seen in this place.
 G = Mean time per level.
                   A        B        C        D        E       F      G
               +--------+--------+--------+--------+--------+-----+--------+
         Total |    151 |    144 |      7 |      0 |     74 |   2 |   75.5 |
       Dungeon |    151 |    144 |      7 |      0 |     74 |   2 |   75.5 |
               +--------+--------+--------+--------+--------+-----+--------+

Top non-repeatable levels by time:
     D:6: 124 daAuts
     D:5: 27 daAuts
